 Dungeon Crawl Stone Soup version 0.26.1-2-gb8aa6d0cf2 (webtiles) character file.

Game seed: 17961623989915711436

23 sking99 the Firebug (level 3, 0/33 HPs)
             Began as an Ogre Fire Elementalist on Feb 18, 2021.
             Slain by a hobgoblin
             ... wielding a cursed +0 club
              (4 damage)
             ... on level 1 of the Dungeon.
             The game lasted 00:03:09 (1368 turns).

sking99 the Firebug (Ogre Fire Elementalist)        Turns: 1368, Time: 00:03:10

Health: 0/33       AC:  3    Str: 12    XL:     3   Next: 0%
Magic:  1/7        EV: 10    Int: 17    God:
Gold:   28         SH:  0    Dex:  9    Spells: 6/7 levels left

rFire    . . .     SeeInvis .   g - +0 short sword
rCold    . . .     Faith    .   (no shield)
rNeg     . . .     Spirit   .   a - +0 robe
rPois    .         Reflect  .   (helmet restricted)
rElec    .         Harm     .   (no cloak)
rCorr    .         Rampage  .   (gloves unavailable)
Will     .....                  (boots unavailable)
Stlth    +.........             (no amulet)
HPRegen  0.11/turn              (no ring)
MPRegen  0.10/turn              (no ring)

@: lethally poisoned (0 -> -7)
A: large, unfitting armour, tough skin 1
a: no special abilities


You were on level 1 of the Dungeon.
You visited 1 branch of the dungeon, and saw 2 of its levels.

You collected 28 gold pieces.

Inventory:

Hand Weapons
 g - a +0 short sword (weapon)
Armour
 a - a +0 robe (worn)
Scrolls
 e - a scroll of enchant weapon {unknown}
 f - a scroll of magic mapping {unknown}
 h - a scroll of blinking {unknown}
 i - 2 scrolls of teleportation {unknown}
 j - a scroll of amnesia {unknown}
Potions
 b - a potion of lignification {unknown}
 c - a potion of curing {unknown}
 d - 2 potions of flight {unknown}


   Skills:
 + Level 1.3 Fighting
 - Level 1.7 Dodging
 - Level 1.4 Stealth
 + Level 2.7 Spellcasting
 + Level 1.3 Conjurations
 * Level 3.1 Fire Magic


You had 6 spell levels left.
You knew the following spells:

 Your Spells              Type           Power        Failure   Level
a - Foxfire               Conj/Fire      36%          7%          1

Your spell library contained the following spells:

 Spells                   Type           Power        Failure   Level
 Conjure Flame            Conj/Fire      9%           22%         3
 Inner Flame              Hex/Fire       7%           28%         3
 Sticky Flame             Conj/Fire      9%           56%         4
 Fireball                 Conj/Fire      4%           89%         5


Dungeon Overview and Level Annotations

Branches:
Dungeon (2/15)

Altars:
Xom


Innate Abilities, Weirdness & Mutations

You are too large for most types of armour.
You have tough skin. (AC +1)


Message History

You hit the adder.
The adder is moderately wounded.
The adder closely misses you.
The hobgoblin hits you with a cursed +0 club.
You feel sick. The adder bites you.
You are more poisoned.
The adder poisons you! The dart slug bites you. The adder bites you.
The hobgoblin hits you with a cursed +0 club.
* * * LOW HITPOINT WARNING * * *
You climb upwards.
* * * LOW HITPOINT WARNING * * *
You feel sick.
There is a stone staircase leading down here.
* * * LOW HITPOINT WARNING * * *
You feel sick.
* * * LOW HITPOINT WARNING * * *
You feel sick.
The dart slug bites you but does no damage.
The hobgoblin hits you with a cursed +0 club.
You die...

##'## #.# ####..###.# #...## #.#
####..###.# .....## ### #.#
#.......#.# # ......## ##.###.#
#.##....#.# ##
...>...####...##.###.##.#....###.
.......'.......................'.
.......####...##.###.##......###.
......## ##.###.# #.......### ##
.....## ######@########.## #
#...## ##...#wg.## #.# ##'##
#.###.>S..# #># #.# #.#.......#
#.####### #.# #.#.#.....#
#........ ##.## ##...#...##
########. #...########.###### #.
.........# #.# ##. #....###.# #.#
#..


You could see an adder, a dart slug and a hobgoblin.

Vanquished Creatures
  A ball python (D:1)
  A goblin (D:1)
  A hobgoblin (D:1)
  6 jackals (D:1)
  4 kobolds
  3 bats (D:1)
  3 frilled lizards (D:1)
  2 rats (D:1)
21 creatures vanquished.

Vanquished Creatures (others)
  52 foxfires
52 creatures vanquished.

Grand Total: 73 creatures vanquished

Notes
Turn   | Place    | Note
-------+----------+-------------------------------------------
     0 | D:1      | sking99 the Ogre Fire Elementalist began the quest for the
                  | Orb.
     0 | D:1      | Reached XP level 1. HP: 16/16 MP: 3/3
   225 | D:1      | Reached skill level 1 in Conjurations
   490 | D:1      | Reached XP level 2. HP: 22/26 MP: 5/5
   649 | D:1      | Found a shimmering altar of Xom.
   668 | D:1      | Reached skill level 1 in Fighting
   668 | D:1      | Reached skill level 3 in Fire Magic
  1362 | D:2      | Reached XP level 3. HP: 26/33 MP: 0/7
  1368 | D:1      | Slain by a hobgoblin

Illustrated notes

Levels and vault maps discovered:
D:1:      nicolae_arrival_memento_mori, layout_loops_corners, xom_teletrap_fun
D:2:      layout_rooms, nicolae_qazlal_general_emergency,
          chequers_ecumenical_altar_simple, minmay_splitting_lines

Skill      XL: |  1  2 |
---------------+-------+-----
Conjurations   | 1 |  1.3
Fighting       | 1 |  1.3
Fire Magic     | 3 |  3.1
Dodging        | |  1.7
Stealth        | |  1.4
Spellcasting   | |  2.7

Action                   || total
-------------------------++-------
Melee: Unarmed           ||     5
       Short sword       ||    15
 Cast: Foxfire           ||    31
 Stab: Sleeping          ||     1
Armor: Robe              ||    22
Dodge: Dodged            ||    35
